 Dungeon Crawl Stone Soup version 0.17-a0-1078-g243345b (webtiles) character file.

400 tesudzi the Sneak (level 6, 0/43 HPs)
             Began as an Octopode Assassin on May 18, 2015.
             Was an Initiate of Ru.
             Slain by a sky beast (5 damage)
             ... on level 5 of the Dungeon.
             The game lasted 00:12:31 (3712 turns).

tesudzi the Sneak (Octopode Assassin)               Turns: 3712, Time: 00:12:31

Health: 0/43       AC:  1    Str: 14    XL:     6   Next: 84%
Magic:  6/6        EV: 12    Int: 13    God:    Ru [......]
Gold:   221        SH:  0    Dex: 16    Spells: 0 memorised, 5 levels left

rFire  . . .     SeeInvis .     H - +7 quarterstaff of Xegel {freeze, Str+4}
rCold  . . .     Clarity  .     (no shield)
rNeg   . . .     SustAb   .     (helmet restricted)
rPois  .         Gourm    .     n - amulet of resist mutation
rElec  .         Spirit   .     (no ring)
rCorr  .         Warding  .     (no ring)
rMut   +         Stasis   .     (no ring)
MR     .....                    (no ring)
Stlth  +++++.....               (no ring)
                                (no ring)
                                (no ring)
                                (no ring)

@: not resistant to hostile enchantments, quite stealthy
A: almost no armour, amphibious, 8 rings, constrict 8, camouflage 1, gelatinous
body 1
a: Renounce Religion


You were on level 5 of the Dungeon.
You worshipped Ru.
Ru was noncommittal.
You were hungry.

You visited 1 branch of the dungeon, and saw 5 of its levels.

You collected 243 gold pieces.
You spent 22 gold pieces at shops.

Inventory:

Hand weapons
 a - a +2 dagger of venom
 b - a +0 blowgun
 A - a +1 trident of piercing
 H - the +7 quarterstaff of Xegel (weapon) {freeze, Str+4}
   (You found it on level 4 of the Dungeon)

   It has been specially enchanted to freeze those struck by it, causing extra
   injury to most foes and up to half again as much damage against particularly
   susceptible opponents.
   It can also slow down cold-blooded creatures.
   It affects your strength (+4).
Missiles
 c - 7 poisoned needles
 d - 2 curare-tipped needles
 j - 4 javelins (quivered)
 l - a throwing net
Armour
 p - a +0 shield
Magical staves
 u - an uncursed staff of wizardry
Jewellery
 n - an amulet of resist mutation (around mantle)
Magical devices
 v - a wand of fireball (6)
 E - a wand of enslavement (14)
Scrolls
 f - 2 scrolls of fear
 g - 2 scrolls of amnesia
 h - 4 scrolls of remove curse
 k - a scroll of recharging {unknown}
 m - a scroll of noise {unknown}
 q - a scroll of random uselessness {unknown}
 r - 2 scrolls of immolation {unknown}
 s - a scroll of identify
 t - 3 scrolls of teleportation {unknown}
 x - 3 scrolls of enchant weapon {unknown}
 y - a scroll of magic mapping {unknown}
 I - a scroll of fog {unknown}
Potions
 i - 4 potions of curing
 o - 3 potions of brilliance {unknown}
 w - a potion of might {unknown}
 z - a potion of lignification {unknown}
 B - a potion of poison {unknown}
 C - a potion of agility
 D - a potion of berserk rage {unknown}
 J - a potion of magic {unknown}
 K - a potion of flight {unknown}
Comestibles
 e - 2 bread rations
 F - 2 chunks of flesh
 G - a meat ration


   Skills:
 - Level 4.2 Fighting
 - Level 3.0 Short Blades
 + Level 2.6 Staves
 - Level 2.0 Throwing
 - Level 1.0 Dodging
 - Level 7.3 Stealth


You had 5 spell levels left.
You didn't know any spells.

Dungeon Overview and Level Annotations

Branches:
Dungeon (5/15)             Temple (0/1) D:4

Altars:
Fedhas
Gozag
Makhleb
Qazlal
Ru
Sif Muna
Zin
The Shining One

Shops:
D:4 *(([=   D:5 :*

Annotations:
D:3 Viceroy's ghost, average DsWz


Innate Abilities, Weirdness & Mutations

You cannot wear most types of armour.
You are amphibious.
You can wear up to eight rings at the same time.
You can use your tentacles to constrict eight enemies at once.
Your skin changes colour to match your surroundings (Stealth).
Your rubbery body absorbs attacks (AC +1).


Message History

There is an entrance to Etzueps's Book Shoppe here.
A sky beast comes into view.
The sky beast flickers out of sight!
Deactivating autopickup; reactivate with Ctrl-A.
No target in view!
No target in view!
No target in view!
No target in view!
You miss something. Your squeeze misses something. Something hits you.
Something shocks you.
You barely miss something. Something hits you. Something shocks you.
You sock something! You freeze something. You squeeze something.
Something hits you. Something shocks you.
You hit something but do no damage. Your squeeze misses something.
Something hits you. Something shocks you. Something hits you.
* * * LOW HITPOINT WARNING * * *
Something shocks you.
* * * LOW HITPOINT WARNING * * *
You miss something. Something hits you.
You die...

#... #.PP ######### #..∩
#.......######.PP
#.......##.......
#......∩##.####.. ###
#.......##.# ....
.....###.......##.##....
#...@.......'...+....
#####.......#.###....
#....(..#.# ##
#.......#.# #########.#
#.# #+#


There were no monsters in sight!

Vanquished Creatures
  4 orc wizards
  2 worker ants (D:4)
  Robin (D:2)
  10 adders
  3 oozes
  2 giant geckos
  12 orcs
  4 ball pythons (D:2)
  9 giant cockroaches
  9 hobgoblins
  2 jackals (D:4)
  11 kobolds
  11 bats
  4 giant newts
  21 goblins
  5 quokkas
  8 rats
118 creatures vanquished.

Notes
Turn   | Place    | Note
--------------------------------------------------------------
     0 | D:1      | tesudzi the Octopode Assassin began the quest for the Orb.
     0 | D:1      | Reached XP level 1. HP: 14/14 MP: 1/1
   111 | D:1      | Reached skill level 1 in Short Blades
   159 | D:1      | Reached XP level 2. HP: 19/19 MP: 2/2
   762 | D:2      | Reached XP level 3. HP: 24/24 MP: 3/3
  1199 | D:2      | Noticed Robin
  1208 | D:2      | Killed Robin
  1208 | D:2      | Reached XP level 4. HP: 28/30 MP: 4/4
  1387 | D:2      | Found an opulent altar of Gozag.
  1525 | D:2      | Reached skill level 6 in Stealth
  1569 | D:2      | Reached XP level 5. HP: 33/36 MP: 5/5
  2258 | D:3      | Found a glowing silver altar of Zin.
  2361 | D:3      | Noticed Viceroy's ghost (average DsWz)
  2677 | D:4      | Reached skill level 7 in Stealth
  2686 | D:4      | Reached XP level 6. HP: 27/43 MP: 6/6
  2777 | D:4      | Found Dooxzo's Jewellery Shop.
  2859 | D:4      | Got a scorched quarterstaff
  2860 | D:4      | Identified the +7 quarterstaff of Xegel {freeze, Str+4} (You found it on level 4 of the Dungeon)
  2874 | D:4      | Found a sacrificial altar of Ru.
  2897 | D:4      | Became a worshipper of Ru the Awakened
  2944 | D:4      | Found Pixoudd's Antique Weapon Boutique.
  2948 | D:4      | Reached skill level 1 in Staves
  2977 | D:4      | Found Puoj's General Store.
  2986 | D:4      | Bought a scroll of identify for 22 gold pieces
  3020 | D:4      | Found a staircase to the Ecumenical Temple.
  3032 | D:4      | Found Qenwyrah's Antique Armour Emporium.
  3158 | D:4      | Found Rihiaps's Weapon Boutique.
  3503 | D:5      | Entered Level 5 of the Dungeon
  3524 | D:5      | Found a stormy altar of Qazlal.
  3537 | D:5      | Found a burning altar of Makhleb.
  3547 | D:5      | Found a glowing golden altar of the Shining One.
  3549 | D:5      | Found a blossoming altar of Fedhas.
  3568 | D:5      | Found a deep blue altar of Sif Muna.
  3676 | D:5      | Found Juburew's Assorted Antiques.
  3695 | D:5      | Found Etzueps's Book Shoppe.
  3712 | D:5      | Slain by a sky beast

Vault maps used:
D:1:      tarquinn_simple_flora_water_b
D:2:      grunt_gozag_statues, first_bread, minmay_snake_closets, uniq_robin
D:3:      serial_park_tiny_pond, lemuel_tele_altar
D:4:      minmay_temple_entry_hall, gup_sewer_entry_bowl, serial_shops, shop,
          kennysheep_little_box, shop, shop, shop_statue,
          nicolae_ru_sacrificial_ziggurat
D:5:      kennysheep_big_flooded_room, minmay_overflow_temple_star_hex,
          serial_shops, nicolae_shop_overgrown_old_shop, kennysheep_mini_moat,
          shop, shop_statue

Action                   |  1- 3 |  4- 6 || total
-------------------------+-------+-------++-------
Melee: Dagger            |    45 |   105 ||   150
       Quarterstaff      |       |    37 ||    37
 Fire: Blowgun           |     7 |       ||     7
Evoke: Wand              |       |     1 ||     1
  Use: Scroll            |       |     5 ||     5
 Stab: Sleeping          |    11 |    30 ||    41
       Distracted        |     1 |       ||     1
  Eat: Chunk             |       |     8 ||     8
